 Dungeon Crawl Stone Soup version 0.17.0-9-g801d43b (webtiles) character file.

224 HungrySpirit the Ruffian (level 6, -3/51 HPs)
             Began as a Naga Transmuter on Nov 9, 2015.
             Killed from afar by an orc wizard (7 damage)
             ... with a magic dart
             ... on level 4 of the Dungeon.
             The game lasted 00:06:05 (3664 turns).

HungrySpirit the Ruffian (Naga Transmuter)          Turns: 3664, Time: 00:06:06

Health: -3/51      AC:  4    Str: 14    XL:     6   Next: 0%
Magic:  2/10       EV: 10    Int: 14    God:
Gold:   249        SH:  0    Dex: 11    Spells: 2 memorised, 8 levels left

rFire  . . .     SeeInvis +       - Unarmed
rCold  . . .     Clarity  .     b - +0 robe
rNeg   . . .     SustAt   .     (no shield)
rPois  +         Gourm    .     (no helmet)
rElec  .         Spirit   .     r - +0 cloak
rCorr  .         Warding  .     (no gloves)
rMut   .         Rnd*Tele +     (no barding)
MR     +....                    (no amulet)
Stlth  +.........               k - ring of protection from magic
                                g - ring of teleportation (curse)

@: about to teleport, appendage (expiring), very slightly contaminated, very
slow, somewhat resistant to hostile enchantments, very unstealthy
A: horns 2, see invisible, deformed body, poison resistance, slowness 2, slow
metabolism 1, spit poison 2, AC +2
a: Spit Poison, End Transformation, Evoke Teleportation


You were on level 4 of the Dungeon.
You were very hungry.
You had grown temporary horns.
You visited 1 branch of the dungeon, and saw 4 of its levels.

You collected 249 gold pieces.

Inventory:

Missiles
 a - 28 arrows
Armour
 b - a +0 robe (worn)
 l - a +1 plate armour
 r - a +0 cloak (worn)
Jewellery
 g - a cursed ring of teleportation (left hand)
 k - a ring of protection from magic (right hand)
Wands
 q - a wand of teleportation (3)
Scrolls
 f - 2 scrolls of enchant weapon
 p - 3 scrolls of identify
 u - a scroll of amnesia
Potions
 e - 4 potions of heal wounds
 i - a potion of might {unknown}
 j - a potion of agility {unknown}
 m - a potion of cure mutation {unknown}
 n - a potion of magic {unknown}
 o - a potion of curing {unknown}
 s - 2 potions of haste {unknown}
 t - 2 potions of poison {unknown}
 v - a potion of ambrosia {unknown}
 z - a potion of lignification {unknown}
Books
 c - a book of Changes

   Spells                             Type                      Level
   a - Beastly Appendage              Transmutation                1
   b - Sticks to Snakes               Transmutation                2
   c - Spider Form                    Transmutation/Poison         3
   d - Ice Form                       Ice/Transmutation            4
   e - Blade Hands                    Transmutation                5
Comestibles
 d - 3 bread rations
 w - a slice of pizza


   Skills:
 - Level 1.0 Fighting
 - Level 1.5 Dodging
 * Level 4.6 Unarmed Combat
 + Level 3.0 Spellcasting
 * Level 4.0 Transmutations


You had 8 spell levels left.
You knew the following spells:

 Your Spells              Type           Power        Failure   Level  Hunger
a - Beastly Appendage     Trmt           ##....       4%          1    #......
b - Sticks to Snakes      Trmt           ##........   10%         2    ##.....


Dungeon Overview and Level Annotations

Branches:
Dungeon (4/15)
 Temple: D:4-7

Altars:
Fedhas
Trog
Vehumet


Innate Abilities, Weirdness & Mutations

You cannot wear boots.
Your serpentine skin is tough (AC +2).
You have supernaturally acute eyesight.
Armour fits poorly on your strangely shaped body.
Your system is resistant to poisons.
You cover ground very slowly.
You have a slow metabolism.
You can spit poison.
You have a pair of horns on your head.


Message History

An orc comes into view. It is wielding a flail.
The orc shouts!
The giant newt closely misses you. The orc priest closely misses you.
Found a beef jerky.
A giant newt comes into view.
Read which item? (? for menu, Esc to quit)
As you read the scroll labeled LARECW KOFFYAPS, it crumbles to dust.
The dust glows brilliant bronze!
It was a scroll of random uselessness.
The giant newt bites you but does no damage.
The orc closely misses you.
Read which item? (? for menu, Esc to quit)
As you read the scroll of teleportation, it crumbles to dust.
You feel strangely unstable. The giant newt bites you.
* * * LOW HITPOINT WARNING * * *
The orc priest hits you but does no damage.
The orc hits you with a flail.
* * * LOW HITPOINT WARNING * * *
The orc wizard gestures at you while chanting.
The magic dart hits you!
You die...

#.......
..+...
#.......
..#...
######## #....
#....######
.#.........#
...........#
#.........####
#.ol@o......
#..ooo......
#...........
#...........
#######.....
..%.. ####


You could see an orc priest, an orc wizard, 3 orcs and a giant newt.

Vanquished Creatures
  An ogre (D:4)
  Crazy Yiuf (D:2)
  An orc wizard (D:4)
  4 adders
  A worm (D:3)
  6 giant geckos
  2 orcs (D:4)
  10 bats
  3 giant cockroaches
  7 goblins
  8 hobgoblins
  4 jackals (D:3)
  9 kobolds
  2 ball pythons (D:1)
  5 giant newts
  9 rats
73 creatures vanquished.

Vanquished Creatures (collateral kills)
  An orc (D:4)
1 creature vanquished.

Grand Total: 74 creatures vanquished

Notes
Turn   | Place    | Note
--------------------------------------------------------------
     0 | D:1      | HungrySpirit the Naga Transmuter began the quest for the Orb.
     0 | D:1      | Reached XP level 1. HP: 18/18 MP: 3/3
    19 | D:1      | You fall through a shaft!
    54 | D:2      | Reached XP level 2. HP: 8/25 MP: 5/5
   552 | D:2      | Found a blossoming altar of Fedhas.
   552 | D:2      | Found a radiant altar of Vehumet.
   566 | D:1      | Reached XP level 3. HP: 14/31 MP: 6/6
  1506 | D:1      | Learned a level 2 spell: Sticks to Snakes
  1789 | D:2      | Reached XP level 4. HP: 36/38 MP: 4/7
  2054 | D:2      | Found a bloodstained altar of Trog.
  2264 | D:2      | Noticed Crazy Yiuf
  2271 | D:2      | Killed Crazy Yiuf
  2271 | D:2      | Reached skill level 4 in Unarmed Combat
  2818 | D:3      | Reached XP level 5. HP: 42/44 MP: 9/9
  3456 | D:4      | Noticed an ogre
  3470 | D:4      | Killed an ogre
  3657 | D:4      | Reached XP level 6. HP: 13/51 MP: 1/10
  3664 | D:4      | Killed from afar by an orc wizard

Action                   |  1- 3 |  4- 6 || total
-------------------------+-------+-------++-------
Melee: Unarmed           |   176 |   161 ||   337
 Cast: Beastly Appendage |    19 |    20 ||    39
       Sticks to Snakes  |       |     9 ||     9
  Use: Scroll            |     5 |     4 ||     9
 Stab: Distracted        |       |     1 ||     1
  Eat: Chunk             |     2 |     5 ||     7
